 Dungeon Crawl Stone Soup version 0.31-a0-188-g5e087ee2ca (webtiles) character file.

Game seed: 15123316855724157001

1649 qw the Skirmisher (level 8, -2/46 HPs)
             Began as a Deep Elf Hunter on June 23, 2023.
             Was a Follower of Okawaru.
             Slain by Pikel
             ... wielding a +1 whip of electrocution
              (4 damage)
             ... on level 6 of the Dungeon.
             The game lasted 00:02:56 (5558 turns).

qw the Skirmisher (Deep Elf Hunter)                 Turns: 5558, Time: 00:02:56

Health: -2/46      AC:  7    Str: 10    XL:     8   Next: 67%
Magic:  8/11       EV: 15    Int: 15    God:    Okawaru [*.....]
Gold:   352        SH:  0    Dex: 18    Spells: 7/7 levels left

rFire   . . .        Y - +1 shortbow (drain)
rCold   . . .        (shield currently unavailable)
rNeg    + . .        f - +0 ring mail {Will+}
rPois   .            (no helmet)
rElec   .            (no cloak)
rCorr   +            (no gloves)
SInv    .            n - +0 pair of boots
Will    +....        (no amulet)
Stlth   +++          g - ring of positive energy
HPRegen 0.27/turn    c - ring of resist corrosion
MPRegen 0.12/turn

%: no passive effects
@: heroic
A: no striking features
a: Renounce Religion, Heroism


You were on level 6 of the Dungeon.
You worshipped Okawaru.
Okawaru was aware of your devotion.
You visited 2 branches of the dungeon, and saw 7 of its levels.

You collected 352 gold pieces.


   Skills:
 - Level 3.4(8.4) Fighting
 + Level 13.5(18.5) Ranged Weapons
 - Level 1.1(6.1) Armour
 - Level 4.0(9.0) Dodging
 - Level 1.2(6.2) Stealth
 + Level 1.7 Invocations


You had 7 spell levels left.
You didn't know any spells.
Your spell library was empty.

Inventory:

Hand Weapons
 Y - a +1 shortbow of draining (weapon)
Armour
 f - a +0 ring mail of willpower (worn)
 i - a +1 leather armour of cold resistance
 n - a +0 pair of boots (worn)
Jewellery
 c - a ring of resist corrosion (right hand)
 g - a ring of positive energy (left hand)
Scrolls
 d - a scroll of identify
Potions
 a - a potion of mutation
 b - a potion of resistance
 e - a potion of brilliance {unknown}
 h - 4 potions of curing
 j - a potion of enlightenment {unknown}
 k - a potion of berserk rage {unknown}
 l - a potion of haste {unknown}
 m - a potion of magic {unknown}
 o - a potion of degeneration {unknown}

Dungeon Overview and Level Annotations

Branches:
Dungeon (6/15)             Temple (1/1) D:4

Altars:
Ashenzari
Cheibriados
Dithmenos
Elyvilon
Fedhas
Gozag
Hepliaklqana
Kikubaaqudgha
Makhleb
Nemelex Xobeh
Okawaru
Qazlal
Ru
Sif Muna
Trog
Uskayaw
Vehumet
Wu Jian
Xom
Yredelemnul
Zin
The Shining One

Shops:
D:3 [

Annotations:
D:5 exclusion: gnoll
D:6 Pikel


Message History

The arrow hits Pikel but does no damage.
Pikel hits you with a +1 whip of electrocution.
You shoot an arrow. The arrow hits Pikel.
You drain Pikel.
Pikel is moderately wounded.
Pikel hits you but does no damage.
You shoot an arrow.
The arrow hits Pikel but does no damage.
Pikel is moderately wounded.
Pikel hits you with a +1 whip of electrocution.
You shoot an arrow. The arrow hits Pikel!
Pikel is heavily wounded.
You feel like a meek peon again.
Pikel hits you with a +1 whip of electrocution.
You are electrocuted!
5552 ||| INVOKING Heroism.
You gain the combat prowess of a mighty hero.
Pikel closely misses you.
You shoot an arrow. The arrow barely misses Pikel.
The arrow hits the lemure!
The lemure is severely wounded.
You shoot an arrow.
The arrow hits Pikel but does no damage.
You drain Pikel.
Pikel is heavily wounded.
Pikel closely misses you.
You shoot an arrow. The arrow barely misses Pikel.
The arrow hits the lemure.
The lemure is almost dead.
Pikel hits you with a +1 whip of electrocution.
You are electrocuted!
You shoot an arrow. The arrow closely misses Pikel.
The arrow hits the lemure but does no damage.
The lemure is almost dead.
Pikel hits you but does no damage.
You shoot an arrow. The arrow barely misses Pikel.
The arrow hits the lemure.
The lemure is almost dead.
Pikel closely misses you.
You shoot an arrow. The arrow closely misses Pikel.
The arrow hits the lemure!
You kill the lemure!
That felt strangely unrewarding.
Pikel hits you with a +1 whip of electrocution.
You die...

#.....#
#.##.## ###
#.####
#.###.#####
#.........#
#.....#####
#.###.# #.#
#.#######
###
#.....>@#
#######K#


555 #=... #..... #...... #....... #.......# You could see Pikel (drained) and 3
lemures.

Vanquished Creatures
  A troll (D:6)
  Grinder (D:5)
  2 orc warriors
  An ice beast (D:6)
  A lemure (D:6)
  2 scorpions (D:5)
  Blork the orc (D:4)
  A bullfrog (D:6)
  4 orc priests (D:6)
  2 jellies
  2 sleepcaps
  3 iguanas (D:5)
  5 orc wizards
  8 gnolls (D:5)
  10 adders
  A shadow imp (D:6)
  An ufetubus (D:5)
  A worm (D:2)
  12 orcs
  7 ball pythons
  6 bats
  6 endoplasms
  4 giant cockroaches
  10 goblins
  11 hobgoblins
  8 kobolds
  A quokka (D:3)
  3 frilled lizards
  8 rats
123 creatures vanquished.

Notes
Turn   | Place    | Note
-------+----------+-------------------------------------------
     0 | D:1      | qw the Deep Elf Hunter began the quest for the Orb.
     0 | D:1      | Reached XP level 1. HP: 12/12 MP: 3/3
     0 | D:1      | 0 ||| qw: Version: 0.3-a-9-g12657ce
     0 | D:1      | 0 ||| qw: Game counter: 3474
     0 | D:1      | 0 ||| qw: Always use a shield: true
     0 | D:1      | 0 ||| qw: God list: Okawaru
     0 | D:1      | 0 ||| qw: Allow faded altars: false
     0 | D:1      | 0 ||| qw: Do Orc after D:15 true
     0 | D:1      | 0 ||| qw: Do second Lair branch before Depths: true
     0 | D:1      | 0 ||| qw: Lair rune preference: random
     0 | D:1      | 0 ||| qw: Plans: Normal
     0 | D:1      | 0 ||| PLANNING D:1-11
   197 | D:1      | Reached XP level 2. HP: 16/16 MP: 4/4
   216 | D:1      | Reached skill level 6 in Ranged Weapons
   341 | D:1      | You fall into a shaft and drop 1 floor!
   358 | D:2      | Reached XP level 3. HP: 17/20 MP: 5/5
   394 | D:2      | HP: 4/20 [kobold/+0 dagger (2)]
   479 | D:2      | 479 ||| UPGRADING to +0 ring mail.
   489 | D:2      | 489 ||| DROPPING +0 leather armour.
   490 | D:2      | 490 ||| UPGRADING to +0 ring mail of willpower.
   500 | D:2      | 500 ||| DROPPING +0 ring mail.
   501 | D:2      | 501 ||| UPGRADING to ring of positive energy.
   502 | D:2      | 502 ||| READING scroll labelled BICWIA ITSERGHE.
   503 | D:2      | 503 ||| DROPPING scroll of butterflies.
   523 | D:1      | Reached skill level 7 in Ranged Weapons
   702 | D:1      | 702 ||| READING scroll labelled COUHURHEFAE.
   860 | D:2      | Reached XP level 4. HP: 22/25 MP: 6/6
  1108 | D:2      | 1108 ||| READING scroll labelled BAEKERCHIJIS.
  1109 | D:2      | 1109 ||| READING scroll labelled EMI ITUKODGH.
  1113 | D:2      | 1113 ||| READING scroll labelled ZANUIG TADYT.
  1114 | D:2      | 1114 ||| DRINKING 2 fizzy coppery potions.
  1116 | D:2      | 1116 ||| Stepping ~*~*~tactically~*~*~ (cloud).
  1120 | D:2      | HP: 5/25 [poisoned by you (poison gas)]
  1124 | D:2      | HP: 2/25 [poisoned by you (poison gas)]
  1243 | D:3      | Found Qelaff's Armour Shop.
  1247 | D:3      | 1247 ||| SHOPLISTING +1 pair of gloves (126 gold, have 90).
  1316 | D:3      | Reached skill level 8 in Ranged Weapons
  1503 | D:3      | Found a bloodstained altar of Trog.
  1558 | D:3      | Reached XP level 5. HP: 16/29 MP: 7/7
  1929 | D:3      | 1929 ||| READING scroll labelled VAFFUCOKHLO.
  2053 | D:4      | Reached skill level 9 in Ranged Weapons
  2282 | D:4      | Noticed Blork the orc
  2292 | D:4      | HP: 5/30 [Blork the orc/magic dart (4)]
  2293 | D:4      | Killed Blork the orc
  2294 | D:4      | Reached XP level 6. HP: 6/35 MP: 8/8
  2447 | D:4      | Identified the +1 flail of Malum Prohibitum {vamp, rC+
                  | MP+9}
  2682 | D:4      | Found a staircase to the Ecumenical Temple.
  2684 | D:4      | 2684 ||| PLANNING TEMPLE
  2684 | D:4      | 2684 ||| READING scroll labelled GUCWUC LAATRIS.
  2739 | D:4      | 2739 ||| READING scroll labelled JOSHRY JAROAMPA.
  2740 | D:4      | 2740 ||| READING 2 scrolls of identify.
  2740 | D:4      | 2740 ||| IDENTIFYING white potion
  2749 | Temple   | Entered the Ecumenical Temple
  2930 | Temple   | 2930 ||| PLANNING OKAWARU WORSHIP
  2993 | Temple   | Became a worshipper of Warmaster Okawaru
  2994 | Temple   | 2994 ||| PLANNING D:1-11
  3109 | D:4      | Found a shimmering blue altar of Sif Muna.
  3180 | D:5      | Entered Level 5 of the Dungeon
  3199 | D:5      | Reached skill level 10 in Ranged Weapons
  3227 | D:5      | Reached skill level 3 in Dodging
  3263 | D:5      | 3263 ||| FLEEEEING.
  3264 | D:5      | 3264 ||| FLEEEEING.
  3265 | D:5      | 3265 ||| FLEEEEING.
  3266 | D:5      | 3266 ||| FLEEEEING.
  3267 | D:5      | 3267 ||| FLEEEEING.
  3268 | D:5      | 3268 ||| FLEEEEING.
  3359 | D:5      | Reached XP level 7. HP: 40/40 MP: 9/9
  3613 | D:5      | Found a basalt altar of Yredelemnul.
  3677 | D:5      | Reached skill level 11 in Ranged Weapons
  3901 | D:5      | Noticed Grinder
  3902 | D:5      | Found a stormy altar of Qazlal.
  3905 | D:5      | Reached * piety under Okawaru
  3905 | D:5      | Paralysed by Grinder for 2 turns
  3908 | D:5      | 3908 ||| INVOKING Heroism.
  3909 | D:5      | 3909 ||| INVOKING Heroism.
  3917 | D:5      | Killed Grinder
  3918 | D:5      | Reached skill level 12 in Ranged Weapons
  4076 | D:5      | 4076 ||| Stepping ~*~*~tactically~*~*~ (outnumbered).
  4078 | D:5      | 4078 ||| Stepping ~*~*~tactically~*~*~ (outnumbered).
  4086 | D:5      | 4086 ||| INVOKING Heroism.
  4087 | D:5      | 4087 ||| UPGRADING to +0 pair of boots.
  4089 | D:5      | HP: 5/40 [gnoll/+0 halberd (10)]
  4092 | D:5      | 4092 ||| READING scroll of teleportation.
  4331 | D:5      | 4331 ||| DRINKING 3 bubbling ruby potions.
  4332 | D:5      | 4332 ||| READING 3 scrolls of identify.
  4332 | D:5      | 4332 ||| IDENTIFYING silvery potion
  4333 | D:5      | 4333 ||| READING 2 scrolls of identify.
  4333 | D:5      | 4333 ||| IDENTIFYING fuming orange potion
  4334 | D:5      | 4334 ||| DROPPING potion of invisibility.
  4743 | D:5      | 4743 ||| STAIRDANCE
  4903 | D:6      | Reached skill level 1 in Armour
  4929 | D:6      | 4929 ||| FLEEEEING.
  4930 | D:6      | 4930 ||| FLEEEEING.
  4931 | D:6      | 4931 ||| FLEEEEING.
  4933 | D:6      | 4933 ||| FLEEEEING.
  4935 | D:6      | 4935 ||| FLEEEEING.
  4936 | D:6      | 4936 ||| FLEEEEING.
  4937 | D:6      | 4937 ||| FLEEEEING.
  4938 | D:6      | 4938 ||| FLEEEEING.
  4939 | D:6      | 4939 ||| FLEEEEING.
  4940 | D:6      | 4940 ||| FLEEEEING.
  4941 | D:6      | 4941 ||| FLEEEEING.
  4944 | D:6      | 4944 ||| STAIRDANCE
  5003 | D:5      | 5003 ||| UPGRADING to ring of resist corrosion.
  5006 | D:6      | 5006 ||| STAIRDANCE
  5017 | D:5      | HP: 5/40 [orc warrior/+0 long sword (10)]
  5018 | D:5      | 5018 ||| DRINKING 2 potions of heal wounds.
  5027 | D:5      | Reached XP level 8. HP: 20/45 MP: 10/10
  5124 | D:6      | 5124 ||| INVOKING Heroism.
  5134 | D:6      | Reached skill level 3 in Fighting
  5136 | D:6      | 5136 ||| INVOKING Heroism.
  5142 | D:6      | HP: 11/46 [orc priest/+0 hand axe (4)]
  5143 | D:6      | 5143 ||| DRINKING potion of heal wounds.
  5152 | D:6      | 5152 ||| FLEEEEING.
  5153 | D:6      | 5153 ||| STAIRDANCE
  5391 | D:6      | Noticed a troll
  5392 | D:6      | 5392 ||| INVOKING Heroism.
  5393 | D:6      | 5393 ||| INVOKING Heroism.
  5407 | D:6      | Killed a troll
  5408 | D:6      | Reached skill level 13 in Ranged Weapons
  5485 | D:6      | Found a sacrificial altar of Ru.
  5536 | D:6      | Noticed Pikel
  5537 | D:6      | 5537 ||| INVOKING Heroism.
  5547 | D:6      | Reached skill level 1 in Invocations
  5552 | D:6      | 5552 ||| INVOKING Heroism.
  5555 | D:6      | HP: 1/46 [Pikel/+1 whip of electrocution (14)]
  5558 | D:6      | Slain by Pikel

Levels and vault maps discovered:
D:1:      lightli_arrival_lavapool, layout_basic, grunt_decor_cap
D:2:      layout_basic, nicolae_kite_square_tiling_tiny
D:3:      layout_basic, mainiacjoe_overflow_concentric_impassable, serial_shops,
          nicolae_shop_back_alley_shop, serial_curves, eino_curves_04,
          eino_curves_03, eino_curves_03, eino_curves_02
D:4:      layout_gridville, led_sif_book, temple_hall,
          kennysheep_generic_room_10, uniq_blork_the_orc
D:5:      layout_basic, old_standard_altar, mainiacjoe_overflow_chevrons,
          kennysheep_big_empty_room, uniq_grinder
D:6:      layout_basic, hangedman_feature_mirror, eino_curves_01,
          nicolae_elevator_lobby_plus, uniq_pikel
Temple:   dpeg_five_rooms_temple

Skill      XL: |  1  2  3  4  5  6  7  8 |
---------------+-------------------------+-----
Ranged Weapons | 6 7 8 9 10 12 13 | 13.5
Fighting       | 2 3 |  3.4
Dodging        | 3 4 |  4.0
Armour         | 1 |  1.1
Invocations    | 1 |  1.7
Stealth        | |  1.2

Action                     |  1- 3 |  4- 6 |  7- 9 || total
---------------------------+-------+-------+-------++-------
   Fire: Shortbow          |   127 |   144 |   152 ||   423
 Invoke: Heroism           |       |       |     7 ||     7
    Use: Scroll            |     2 |     7 |     3 ||    12
         Potion            |       |     1 |     3 ||     4
 Armour: Leather armour    |     3 |       |       ||     3
         Ring mail         |    10 |    11 |    16 ||    37
  Dodge: Dodged            |    35 |    18 |    63 ||   116

Table legend:
 A = Non-vault XP
 B = Vault XP
 C = Vault XP percentage of total XP
 D = Non-vault monster count
 E = Vault monster count
 F = Vault count percentage of total count
                 A         B        C        D         E       F
            +---------+---------+-------+---------+---------+-------
      Total |    1563 |     794 |  33.7 |     115 |       7 |   5.7
            +---------+---------+-------+---------+---------+-------
        D:1 |      36 |       0 |   0.0 |      22 |       0 |   0.0
        D:2 |      90 |       0 |   0.0 |      27 |       0 |   0.0
        D:3 |     105 |       0 |   0.0 |      25 |       0 |   0.0
        D:4 |      87 |     196 |  69.3 |       6 |       5 |  45.5
        D:5 |     650 |     286 |  30.6 |      22 |       1 |   4.3
        D:6 |     595 |     312 |  34.4 |      13 |       1 |   7.1
            +---------+---------+-------+---------+---------+-------
